 Dungeon Crawl Stone Soup version 0.30-a0-800-g7c544603b3 (webtiles) character file.

Game seed: 469094805399757429

448 Pimp the Conjurer (level 6, -1/46 HPs)
             Began as a Draconian Conjurer on Feb 21, 2023.
             Killed by divine providence
             ... invoked by an orc priest
              (16 damage)
             ... on level 4 of the Dungeon.
             The game lasted 00:15:44 (4128 turns).

Pimp the Conjurer (Draconian Conjurer)              Turns: 4128, Time: 00:15:45

Health: -1/46      AC:  8    Str: 11    XL:     6   Next: 73%
Magic:  11/11      EV: 12    Int: 18    God:
Gold:   181        SH:  0    Dex: 10    Spells: 9/12 levels left

rFire   + . .      SeeInvis .    i - +4 hand axe (vamp)
rCold   . . .      Faith    .    (no shield)
rNeg    . . .      Spirit   .    (body armour unavailable)
rPois   .          Reflect  .    (helmet restricted)
rElec   .          Harm     .    c - +1 cloak
rCorr   .          Rampage  .    (no gloves)
Will    .....                    (no boots)
Stlth   +                        (no amulet)
HPRegen 0.27/turn                p - ring of fire
MPRegen 0.12/turn                q - ring of protection from cold

@: confused, flying
A: AC +6, unfitting armour, cold-blooded
a: no special abilities


You were on level 4 of the Dungeon.
You visited 1 branch of the dungeon, and saw 4 of its levels.

You collected 181 gold pieces.

Inventory:

Hand Weapons
 h - a +0 spear of venom
 i - a +4 vampiric hand axe (weapon)
Missiles
 g - 3 boomerangs of dispersal
 n - 5 boomerangs
Armour
 c - a +1 cloak (worn)
Jewellery
 p - a ring of fire (left hand)
 q - a ring of protection from cold (right hand)
 s - a ring of fire
Scrolls
 l - a scroll of enchant weapon
 o - a scroll of poison {unknown}
 r - a scroll of amnesia
Potions
 a - 3 potions of magic
 b - a potion of cancellation {unknown}
 d - a potion of flight
 f - a potion of lignification {unknown}
 j - 2 potions of curing {unknown}


   Skills:
 + Level 0.8 Fighting
 + Level 0.7 Axes
 + Level 3.5 Dodging
 + Level 3.7 Stealth
 + Level 3.6 Spellcasting
 + Level 5.2 Conjurations


You had 9 spell levels left.
You knew the following spells:

 Your Spells              Type           Power      Damage    Failure   Level
a - Magic Dart            Conj           88%        1d7       1%          1
b - Searing Ray           Conj           44%        2d6       2%          2

Your spell library contained the following spells:

 Spells                   Type           Power      Damage    Failure   Level
 Foxfire                  Conj/Fire      76%        2x1d7     5%          1
 Dazzling Flash           Conj/Hex       24%        N/A       16%         3
 Ensorcelled Hibernation  Hex/Ice        6%         N/A       24%         2
 Passwall                 Tmut/Erth      2%         N/A       24%         2
 Swiftness                Air            3%         N/A       43%         3
 Fulminant Prism          Conj/Hex       6%         3d7       45%         4
 Iskenderun's Mystic Bla  Conj/Tloc      12%        2d5       45%         4
 Fireball                 Conj/Fire      9%         3d6       82%         5
 Starburst                Conj/Fire      9%         6d5       100%        6


Dungeon Overview and Level Annotations

Branches:
Dungeon (4/15)
 Temple: D:4-7

Altars:

Annotations:
D:3 1 runed translucent door, Crazy Yiuf


Innate Abilities, Weirdness & Mutations

Your plain brown scales are hard. (AC +6)
You cannot fit into any form of body armour.
You are cold-blooded and may be slowed by cold attacks.


Message History

You climb downwards.
Found 20 gold pieces and 4 stones.
Found a stone staircase leading down.
There is a stone staircase leading up here.
You now have 181 gold pieces (gained 20).
l - a scroll labelled GAHOADOWEQ
Found a stone staircase leading down.
An orc priest comes into view. It is wielding a +0 dagger.
An orc wizard comes into view. It is wielding a +0 dagger.
The orc wizard shouts!
The orc priest shouts!
You hear a shout!
An orc priest comes into view. It is wielding a +0 dagger.
There is a stone staircase leading down here.
As you read the scroll labelled BUPIUS OTHOPA, it crumbles to dust.
You feel strangely unstable.
It was a scroll of teleportation.
Blink to where?
Press: ? - help, Dir - move target
As you read the scroll labelled UNUHEF KIUWICS, it crumbles to dust.
It was a scroll of blinking.
As you read the scroll labelled ITHROHO LITA, it crumbles to dust.
It is a scroll of identify.
l - a scroll of enchant weapon Your surroundings suddenly seem different.
Casting: Searing Ray (safe; 2% risk of failure)
Confirm with . or Enter, or press ? or * to list all spells.
You can't see any susceptible monsters within range! (Use Z to cast anyway.) Unknown command.
The orc wizard casts a spell at you.
You are confused.
You're too confused to move!
You're too confused to cast spells.
You bump into the rock wall.
The orc priest calls down the wrath of Beogh upon you.
Beogh smites you!
It was a potion of flight.
You feel very buoyant.
You fly up into the air.
The orc priest mumbles some strange prayers to Beogh against you.
Beogh smites you!
The orc priest calls down the wrath of Beogh upon you.
Beogh smites you!
You die...

###+ ... #... ...
#... ............
#...# #...........
#.... ...........
#....######......o...
#..@.oo...........
#.##.#o......o....
#.................
##.#......>.......
#................
####.............
#.............
#.............
#.............


You could see 2 orc priests and an orc wizard.

Vanquished Creatures
  Sigmund (D:3)
  An ogre (D:3)
  An orc priest (D:3)
  An orc wizard (D:3)
  7 adders
  3 worms
  A dart slug (D:1)
  6 orcs
  4 endoplasms
  4 giant cockroaches
  5 hobgoblins
  5 jackals (D:1)
  5 kobolds
  2 quokkas (D:1)
  6 ball pythons
  8 bats
  A frilled lizard (D:1)
  4 goblins
  8 rats
73 creatures vanquished.

Vanquished Creatures (others)
  5 fungi (D:3)
5 creatures vanquished.

Grand Total: 78 creatures vanquished

Notes
Turn   | Place    | Note
-------+----------+-------------------------------------------
     0 | D:1      | Pimp the Draconian Conjurer began the quest for the Orb.
     0 | D:1      | Reached XP level 1. HP: 14/14 MP: 3/3
     5 | D:1      | Found a faded altar of an unknown god.
   239 | D:1      | Reached XP level 2. HP: 3/20 MP: 0/5
   316 | D:1      | Learned a level 2 spell: Searing Ray
  1235 | D:1      | Reached XP level 3. HP: 26/26 MP: 3/6
  2242 | D:2      | Reached XP level 4. HP: 33/33 MP: 3/7
  2743 | D:3      | Noticed Sigmund
  2765 | D:3      | Killed Sigmund
  2766 | D:3      | Reached XP level 5. HP: 24/38 MP: 1/9
  3204 | D:3      | Reached skill level 5 in Conjurations
  3204 | D:3      | Reached XP level 6. HP: 35/45 MP: 11/11
  3994 | D:3      | Found a runed translucent door.
  3995 | D:3      | Noticed Crazy Yiuf
  4128 | D:4      | Killed from afar by an orc priest

Illustrated notes

Levels and vault maps discovered:
D:1:      minmay_arrival_up_and_down, layout_loops_ring,
          ebering_ecumenical_altar_mist, chequers_serial_rivers_micro_c
D:2:      layout_loops_ring
D:3:      layout_loops_corners, minmay_misc_feat_x, corner_web_ring,
          uniq_crazy_yiuf_cottage, uniq_sigmund
D:4:      layout_basic

Skill      XL: |  1  2  3  4  5 |
---------------+----------------+-----
Stealth        | 2 3 |  3.7
Dodging        | 2 3 |  3.5
Spellcasting   | 3 |  3.6
Conjurations   | 5 |  5.2
Fighting       | |  0.8
Axes           | |  0.7

Action                     |  1- 3 |  4- 6 || total
---------------------------+-------+-------++-------
  Melee: Unarmed           |   117 |       ||   117
         Tailslap          |    14 |     7 ||    21
         Punch             |     2 |       ||     2
         Spear             |    33 |    68 ||   101
         Hand axe          |       |    35 ||    35
   Cast: Magic Dart        |    23 |    10 ||    33
         Searing Ray       |    14 |     9 ||    23
    Use: Scroll            |       |    10 ||    10
         Potion            |       |     1 ||     1
   Stab: Sleeping          |     8 |     4 ||    12
 Armour: Skin              |    86 |    48 ||   134
  Dodge: Dodged            |   167 |    81 ||   248

Table legend: (Time is in decaauts)
 A = Elapsed time spent in this place.
 B = Non-inter-level travel time spent in this place.
 C = Inter-level travel time spent in this place.
 D = Time resting spent in this place.
 E = Time spent auto-exploring this place.
 F = Levels seen in this place.
 G = Mean time per level.
                   A        B        C        D        E       F      G
               +--------+--------+--------+--------+--------+-----+--------+
         Total |   4151 |   3979 |    172 |    968 |   2094 |   4 | 1037.8 |
       Dungeon |   4151 |   3979 |    172 |    968 |   2094 |   4 | 1037.8 |
               +--------+--------+--------+--------+--------+-----+--------+

Top non-repeatable levels by time:
     D:1: 1553 daAuts
     D:3: 1418 daAuts
     D:2: 1148 daAuts
     D:4: 31 daAuts
